 Dungeon Crawl Stone Soup version 0.32-a0-607-g64ea0e4219 (webtiles) character file.

Game seed: 18288550745894455359

5618 sleeves the Basher (level 10, -4/141 HPs)
             Began as an Oni Fighter on Mar 4, 2024.
             Was an Initiate of Okawaru.
             Slain by a vampire (10 damage)
             ... on level 10 of the Dungeon.
             The game lasted 00:22:00 (13409 turns).

sleeves the Basher (Oni Fighter)                   Turns: 13409, Time: 00:22:00

Health: -4/141     AC:  6    Str: 22 (24) XL:     10   Next: 73%
Magic:  10/10      EV:  8    Int:  9 (11) God:    Okawaru [......]
Gold:   444        SH: 13    Dex:  4 (6)  Spells: 9/9 levels left

rFire   . . .        C - +4 flail (spect)
rCold   . . .        c - +0 kite shield
rNeg    . . .        w - +1 steam dragon scales
rPois   .            (helmet restricted)
rElec   .            (no cloak)
rCorr   +            (gloves unavailable)
SInv    .            (boots unavailable)
Will    ++...        (no amulet) Stlth
                     m - ring of resist corrosion
HPRegen 0.43/turn    (no ring)
MPRegen 0.12/turn

%: no passive effects
@: brilliant, berserking, lethally poisoned (-4 -> -9), enlightened, flying,
very quick
A: large, unfitting armour, horns 1, tough skin 1, double potion healing,
drunken brawling, iridescent scales 1, large bone plates 1, clumsy 1, deformed
body
a: Renounce Religion


You were on level 10 of the Dungeon.
You worshipped Okawaru.
Okawaru was noncommittal.
You visited 2 branches of the dungeon, and saw 11 of its levels.

You collected 504 gold pieces.
You spent 60 gold pieces at shops.

Inventory:

Hand Weapons
 g - a +2 short sword of venom
   (You took it off a kobold on level 1 of the Dungeon)
 C - a +4 spectral flail (weapon)
   (You took it off a gnoll on level 7 of the Dungeon)
Missiles
 a - a curare-tipped dart
 f - 2 throwing nets
 q - 8 boomerangs
 r - 7 poisoned darts
Armour
 c - a +0 kite shield (worn)
 w - +1 steam dragon scales (worn)
   (You found it on level 8 of the Dungeon)
Jewellery
 m - a ring of resist corrosion (left hand)
   (You found it on level 3 of the Dungeon)
Wands
 e - a wand of flame (21)
   (You found it on level 5 of the Dungeon)
 l - a wand of polymorph (7) (quivered)
   (You found it on level 2 of the Dungeon)
Scrolls
 h - a scroll of butterflies {unknown}
 i - a scroll of acquirement
 k - a scroll of fear {unknown}
 n - 2 scrolls of revelation {unknown}
 p - 3 scrolls of noise
 s - a scroll of amnesia {unknown}
 t - 2 scrolls of enchant weapon
 u - a scroll of enchant armour
 v - a scroll of blinking {unknown}
 x - a scroll of fog
 y - 3 scrolls of vulnerability
 D - a scroll of brand weapon
 G - a scroll of identify
 H - a scroll of immolation {unknown}
Potions
 d - a potion of might
 A - a potion of mutation
 F - a potion of enlightenment


   Skills:
 + Level 4.4 Fighting
 - Level 12.0 Maces & Flails
 + Level 1.0 Armour
 + Level 3.0 Dodging
 + Level 9.6 Shields
 + Level 1.2 Invocations


You had 9 spell levels left.
You didn't know any spells.
Your spell library contained the following spells:

 Spells                   Type           Power      Damage    Failure   Level
 Cigotuvi's Dreadful Rot  Necr/Alch/Air  0%         N/A       75%         2
 Volatile Blastmotes      Fire/Tloc      0%         2d10      92%         3
 Dispel Undead            Necr           0%         3d6       100%        4
 Fulminant Prism          Conj/Alch      0%         3d5       100%        4
 Iskenderun's Mystic Bla  Conj/Tloc      0%         2d3       100%        4
 Martyr's Knell           Necr/Summ      Unusable   N/A       N/A         4
 Death Channel            Necr           Unusable   N/A       N/A         6

Dungeon Overview and Level Annotations

Branches:
Dungeon (10/15)            Temple (1/1) D:6            Lair (0/5) D:9
    Orc: D:9-12

Altars:
Ashenzari
Cheibriados
Dithmenos
Elyvilon
Fedhas
Gozag
Hepliaklqana
Kikubaaqudgha
Makhleb
Nemelex Xobeh
Okawaru
Qazlal
Ru
Sif Muna
Trog
Uskayaw
Vehumet
Wu Jian
Xom
Yredelemnul
Zin
The Shining One

Shops:
D:3 ?

Annotations:
D:2 1 runed translucent door, Crazy Yiuf
D:3 exclusion: water moccasin
D:4 Prince Ribbit
D:6 Duvessa
D:7 exclusion: downstairs
D:10 1 runed translucent door, Patrick2011b's ghost, journeyman CoGl; Snorg


Innate Abilities, Weirdness & Mutations

You are too large for most types of armour.
You have a pair of small horns on your head.
You have tough skin. (AC +1)
You gain doubled healing and magic from potions.
Whenever you drink a healing potion, you attack all around you.
You are partially covered in iridescent scales. (AC +2)
You are partially covered in large bone plates. (SH +4)
You are clumsy. (Dex -2)
Armour fits poorly on your strangely shaped body.


Message History

The two-headed ogre is lightly wounded.
The two-headed ogre hits you with a +0 giant club!!
You block the two-headed ogre's attack.
You barely miss the two-headed ogre.
The two-headed ogre is lightly wounded.
You hit the two-headed ogre.
Your headbutt misses the two-headed ogre.
The two-headed ogre is moderately wounded.
The two-headed ogre hits you with a +0 giant club!
* * * LOW HITPOINT WARNING * * *
You block the two-headed ogre's attack.
You take a swig of the potion and twirl your +3 flail.
You hit the two-headed ogre but do no damage.
The two-headed ogre is moderately wounded.
You savour every drop.
You feel much better.
The two-headed ogre hits you with a +0 giant club!!
You block the two-headed ogre's attack.
You sock the two-headed ogre!
The two-headed ogre is moderately wounded.
You hit the two-headed ogre.
The two-headed ogre is heavily wounded.
You block the two-headed ogre's attack.
The two-headed ogre hits you with a +0 giant club!!
* * * LOW HITPOINT WARNING * * *
You completely miss the two-headed ogre.
The two-headed ogre is heavily wounded.
You sock the two-headed ogre!
You headbutt the two-headed ogre, but do no damage.
The two-headed ogre is heavily wounded.
The two-headed ogre hits you with a +0 giant club!
* * * LOW HITPOINT WARNING * * *
The two-headed ogre hits you with a +0 giant club!
* * * LOW HITPOINT WARNING * * *
You take a swig of the potion and twirl your +3 flail.
You sock the two-headed ogre!
The two-headed ogre is severely wounded.
You savour every drop.
You feel much better. The two-headed ogre barely misses you.
The two-headed ogre hits you with a +0 giant club!
You hit the two-headed ogre.
The two-headed ogre is severely wounded.
You barely miss the two-headed ogre.
The two-headed ogre is severely wounded.
The two-headed ogre barely misses you.
The two-headed ogre hits you with a +0 giant club!!
* * * LOW HITPOINT WARNING * * *
You hit the two-headed ogre.
The two-headed ogre is severely wounded.
You hit the two-headed ogre.
The two-headed ogre is almost dead.
The two-headed ogre hits you with a +0 giant club!
* * * LOW HITPOINT WARNING * * *
The two-headed ogre hits you with a +0 giant club.
* * * LOW HITPOINT WARNING * * *
You hit the two-headed ogre. You headbutt the two-headed ogre.
You kill the two-headed ogre!
Things that are here:
a +0 giant club; a +0 giant club; a two-headed ogre corpse
There is a stone staircase leading up, spattered with blood here.
You start resting.
HP restored.
q - 8 boomerangs (gained 3)
A wight comes into view. It is wielding a +0 scimitar.
A wight is nearby!
A wight is nearby!
You sock the wight! Your headbutt misses the wight.
The wight is severely damaged.
You block the wight's attack.
You hit the wight. You headbutt the wight.
The wight is almost destroyed.
The wight closely misses you.
You sock the wight!
You destroy the wight!
No target in view!
A wight comes into view. It is wielding a +4 falchion.
Things that are here:
a +0 scimitar; a +0 robe A wight is nearby!
A wight is nearby!
A wight comes into view. It is wielding a +1 scimitar.
The wight hits you with a +4 falchion!
You hit the wight.
You headbutt the wight, but do no damage.
The wight is lightly damaged.
A wight comes into view. It is wielding a +0 falchion.
You block the wight's attack.
You closely miss the wight.
You headbutt the wight, but do no damage.
The wight is lightly damaged.
The wight hits you with a +4 falchion!
You feel drained.
You sock the wight! You headbutt the wight.
The wight is almost destroyed.
You block the wight's attack.
You hit the wight.
You destroy the wight!
Things that are here:
a +0 scimitar; a +0 robe You thump the wight!
The wight is severely damaged.
The wight hits you with a +0 falchion.
You completely miss the wight.
The wight is severely damaged.
The wight barely misses you.
You barely miss the wight.
You headbutt the wight, but do no damage.
The wight is severely damaged.
The wight hits you with a +0 falchion.
You feel drained.
You are too injured to fight recklessly!
You are too injured to fight recklessly!
You are too injured to fight recklessly!
You are too injured to fight recklessly!
You closely miss the wight.
You headbutt the wight, but do no damage.
The wight is severely damaged.
You block the wight's attack.
You bludgeon the wight!!
You destroy the wight!
You hit the wight. Your headbutt misses the wight.
The wight is moderately damaged.
The wight hits you with a +1 scimitar!
You feel drained.
You completely miss the wight.
The wight is moderately damaged.
You block the wight's attack.
You closely miss the wight.
The wight is moderately damaged.
The wight barely misses you.
You sock the wight! Your headbutt misses the wight.
The wight is severely damaged.
The wight hits you with a +1 scimitar!
* * * LOW HITPOINT WARNING * * *
You feel drained.
* * * LOW HITPOINT WARNING * * *
You barely miss the wight.
The wight is severely damaged.
The wight barely misses you.
You closely miss the wight.
The wight is severely damaged.
You sock the wight!
You destroy the wight!
You swing at nothing.
You start resting.
HP restored.
Items here: )) [[.
A bullfrog comes into view.
Found a scroll of identify.
A bullfrog is nearby!
A bullfrog is nearby!
Things that are here:
a +4 falchion; a +0 robe The bullfrog hits you but does no damage.
You block the bullfrog's attack.
You hit the bullfrog.
The bullfrog is lightly wounded.
The bullfrog hits you but does no damage.
You hit the bullfrog. You headbutt the bullfrog!
The bullfrog is severely wounded.
The bullfrog hits you.
You sock the bullfrog!
You kill the bullfrog!
No target in view!
Things that are here:
a +4 falchion; a +0 robe
Found a plate armour.
F - a scroll of identify You see here a +0 plate armour.
Found an escape hatch in the floor.
As you read the scroll of identify, it crumbles to dust.
p - 3 scrolls of noise
Found a stone staircase leading down.
Found an escape hatch in the ceiling.
There is an escape hatch in the ceiling here.
t - 3 scrolls labelled KEIHONOUXO (gained 1)
There is a stone staircase leading down here.
A gnoll comes into view. It is wielding a +0 whip.
The gnoll hits you but does no damage.
You sock the gnoll!
The gnoll is almost dead.
You block the gnoll's attack.
You hit the gnoll.
You kill the gnoll!
No target in view!
A centaur comes into view.
The centaur wields a +0 orcbow.
The centaur shoots an arrow.
You block the arrow.
The centaur shoots an arrow.
The arrow hits you.
A centaur is nearby!
A centaur is nearby!
The centaur shoots an arrow.
You block the arrow.
The centaur shoots an arrow.
The arrow hits you!
The centaur shoots an arrow.
The arrow completely misses you.
The centaur shoots an arrow.
The arrow hits you!
The centaur shoots an arrow.
The arrow hits you!
You are too injured to fight recklessly!
You are too injured to fight recklessly!
You are too injured to fight recklessly!
You are too injured to fight recklessly!
The centaur unwields a +0 orcbow.
The centaur barely misses you. You block the centaur's attack.
You sock the centaur! You headbutt the centaur.
The centaur is severely wounded.
The centaur hits you but does no damage.
The centaur closely misses you.
You thump the centaur!
You kill the centaur!
You see here a +0 orcbow.
You start resting.
HP restored.
Found a stone staircase leading down.
There is a stone staircase leading down here.
An orc comes into view. It is wielding a +0 war axe.
An orc is nearby!
An orc warrior comes into view. It is wielding a +0 mace.
The orc warrior shouts!
An orc wizard comes into view. It is wielding a +0 dagger.
The orc hits you with a +0 war axe.
The orc wizard moves out of view.
You closely miss the orc. You headbutt the orc.
The orc is moderately wounded.
An orc comes into view. It is wielding a +0 short sword.
The orc hits you with a +0 war axe.
The orc shouts!
You hit the orc.
You kill the orc!
The orc warrior unwields a +0 mace.
The orc warrior wields a +0 orcbow.
The orc warrior shoots an arrow.
The arrow hits you.
The orc warrior shoots an arrow.
You block the arrow.
You start resting.
An orc wizard is nearby!
A troll comes into view.
The troll shouts!
The troll moves out of view.
You completely miss the orc wizard. Your headbutt misses the orc wizard.
The orc wizard hits you with a +0 dagger.
You closely miss the orc wizard. Your headbutt misses the orc wizard.
The orc wizard gestures wildly while chanting.
The orc wizard flickers and vanishes!
Deactivating autopickup; reactivate with Ctrl-A.
The orc warrior shoots an arrow.
You miss something. Your headbutt misses something.
You block something's attack.
You sock something!
Reactivating autopickup.
You feel a bit more experienced.
The orc warrior shoots an arrow.
You block the arrow.
The orc warrior shoots an arrow.
You block the arrow.
The orc warrior shoots an arrow.
The arrow hits you!!
The orc warrior shoots an arrow.
The arrow hits you!
An orc warrior is nearby!
The orc warrior shoots an arrow.
The arrow closely misses you.
There is a stone staircase leading up, spattered with blood here.
You climb upwards.
There is a stone staircase leading down here.
You start resting.
HP restored.
You climb downwards.
There is a stone staircase leading up, spattered with blood here.
The troll completely misses you. The troll barely misses you.
The troll claws you!
You climb upwards.
There is a stone staircase leading down here.
You hit the troll.
The troll is lightly wounded.
You block the troll's attack. The troll closely misses you.
The troll claws you but does no damage.
You barely miss the troll.
The troll is lightly wounded.
The troll bites you. You block the troll's attack. The troll barely misses you.
You completely miss the troll. Your headbutt misses the troll.
The troll is lightly wounded.
You block the troll's attack. The troll claws you!
The troll claws you but does no damage.
You closely miss the troll.
The troll is lightly wounded.
The troll barely misses you. The troll closely misses you.
You block the troll's attack.
You sock the troll!
The troll is moderately wounded.
You block the troll's attack. The troll claws you. The troll barely misses you.
You barely miss the troll.
The troll is moderately wounded.
The troll bites you. The troll closely misses you.
You block the troll's attack.
You are too injured to fight recklessly!
You are too injured to fight recklessly!
You are too injured to fight recklessly!
You are too injured to fight recklessly!
You are too injured to fight recklessly!
You are too injured to fight recklessly!
You are too injured to fight recklessly!
You are too injured to fight recklessly!
You are too injured to fight recklessly!
You are too injured to fight recklessly!
You are too injured to fight recklessly!
You hit the troll.
The troll is moderately wounded.
You thump the troll!
You headbutt the troll, but do no damage.
The troll is severely wounded.
The troll bites you. You block the troll's attack. The troll claws you!
You sock the troll! Your headbutt misses the troll.
The troll is almost dead.
The troll bites you.
* * * LOW HITPOINT WARNING * * *
The troll claws you!
* * * LOW HITPOINT WARNING * * *
The troll claws you.
* * * LOW HITPOINT WARNING * * *
You barely miss the troll. Your headbutt misses the troll.
The troll is almost dead.
You block the troll's attack. The troll claws you!
* * * LOW HITPOINT WARNING * * *
You block the troll's attack.
You sock the troll!
You kill the troll!
Your life force feels restored.
Training target 12.0 for Maces & Flails reached!
Your Maces & Flails skill increases to level 12!
You start resting.
HP restored.
There is a stone staircase leading down, spattered with blood here.
You climb downwards.
You block the orc's attack. The orc closely misses you.
There is a stone staircase leading up, spattered with blood here.
You hit the orc.
The orc is almost dead.
You block the orc's attack.
You sock the orc!
You kill the orc!
No target in view!
No target in view!
Things that are here:
a +0 short sword; a +0 leather armour The orc warrior shoots an arrow.
The arrow hits you!
An orc warrior is nearby!
An orc warrior is nearby!
The orc warrior shoots an arrow.
The arrow hits you!
The orc warrior unwields a +0 orcbow.
The orc warrior wields a +0 mace.
You block the orc warrior's attack.
You hit the orc warrior.
The orc warrior is lightly wounded.
The orc warrior hits you with a +0 mace.
You hit the orc warrior.
You headbutt the orc warrior, but do no damage.
The orc warrior is lightly wounded.
The orc warrior hits you with a +0 mace.
You hit the orc warrior but do no damage.
You headbutt the orc warrior.
The orc warrior is moderately wounded.
You block the orc warrior's attack.
You hit the orc warrior but do no damage.
The orc warrior is moderately wounded.
The orc warrior barely misses you.
You barely miss the orc warrior. Your headbutt misses the orc warrior.
The orc warrior is moderately wounded.
The orc warrior hits you with a +0 mace.
You hit the orc warrior.
You headbutt the orc warrior, but do no damage.
The orc warrior is heavily wounded.
You closely miss the orc warrior.
The orc warrior is heavily wounded.
The orc warrior completely misses you.
You hit the orc warrior but do no damage.
You headbutt the orc warrior!
The orc warrior is severely wounded.
The orc warrior closely misses you.
You hit the orc warrior.
You headbutt the orc warrior, but do no damage.
The orc warrior is almost dead.
The orc warrior hits you with a +0 mace!
You thump the orc warrior!
You kill the orc warrior!
Your Shields skill increases to level 9!
Items here: )) [ †.
You start resting.
A manticore comes into view.
A manticore is nearby!
A manticore is nearby!
A manticore is nearby!
The manticore flicks its tail.
You block the volley of spikes. The manticore bites you!
The manticore claws you. The manticore closely misses you.
You closely miss the manticore. The manticore bites you!!
You block the manticore's attack. The manticore closely misses you.
You are too injured to fight recklessly!
You are too injured to fight recklessly!
You barely miss the manticore. The manticore bites you!
* * * LOW HITPOINT WARNING * * *
The manticore barely misses you. x2
You thump the manticore! You headbutt the manticore.
The manticore is moderately wounded.
You block the manticore's attack.
The manticore claws you but does no damage. x2
You sock the manticore!
The manticore is heavily wounded.
The manticore bites you!
* * * LOW HITPOINT WARNING * * *
The manticore claws you.
* * * LOW HITPOINT WARNING * * *
The manticore claws you but does no damage.
You hit the manticore.
The manticore is heavily wounded.
You block the manticore's attack. The manticore closely misses you.
You block the manticore's attack.
Okay, then.
You sock the manticore!
The manticore is severely wounded.
The manticore bites you but does no damage.
The manticore claws you!
* * * LOW HITPOINT WARNING * * *
The manticore claws you.
* * * LOW HITPOINT WARNING * * *
You hit the manticore but do no damage. Your headbutt misses the manticore.
The manticore is severely wounded.
The manticore closely misses you.
The manticore claws you but does no damage.
You block the manticore's attack.
You sock the manticore!
The manticore is almost dead.
You barely miss the manticore. You headbutt the manticore.
You kill the manticore!
You start resting.
HP restored.
Found a stone staircase leading up.
Found an ancient bone altar of Kikubaaqudgha.
Found two altars.
No target in view!
Found an iron altar of Okawaru.
There is a shimmering blue altar of Sif Muna here.
There is an iron altar of Okawaru here.
You kneel at the altar of Okawaru.
Okawaru welcomes you!
F - a smoky grey potion A shadow comes into view.
A shadow is nearby!
A shadow is nearby!
Found a stone staircase leading up.
You see here 3 poisoned darts.
You thump the shadow! Your headbutt misses the shadow.
The shadow is severely damaged.
The shadow closely misses you.
You hit the shadow.
The shadow is severely damaged.
The shadow hits you!
You sock the shadow!
You destroy the shadow!
Okawaru accepts your kill.
No target in view!
No target in view!
r - 7 poisoned darts (gained 3)
F - 2 smoky grey potions (gained 1)
G - a scroll of identify
Found a staircase to the Lair.
Things that are here:
a +0 ring mail; a +0 whip
There is a stone staircase leading down here.
A gnoll sergeant comes into view. It is wielding a +0 trident.
A gnoll sergeant is nearby!
The gnoll sergeant shouts!
You hear a shout! x2
The gnoll sergeant closely misses you.
A gnoll comes into view. It is wielding a +0 club.
A gnoll comes into view. It is wielding a +0 halberd.
The gnoll shouts!
You block the gnoll sergeant's attack.
A gnoll comes into view. It is wielding a +0 spear.
The gnoll shouts!
You hit the gnoll sergeant.
Your headbutt misses the gnoll sergeant.
The gnoll sergeant is lightly wounded.
You block the gnoll sergeant's attack.
The gnoll hits you from afar with a +0 halberd!
You barely miss the gnoll sergeant.
The gnoll sergeant is lightly wounded.
You block the gnoll sergeant's attack. The gnoll barely misses you.
You barely miss the gnoll sergeant.
The gnoll sergeant is lightly wounded.
The gnoll closely misses you.
You hit the gnoll sergeant but do no damage.
The gnoll sergeant is lightly wounded.
The gnoll sergeant barely misses you. The gnoll hits you with a +0 club.
You block the gnoll's attack.
You closely miss the gnoll sergeant. You headbutt the gnoll sergeant.
The gnoll sergeant is moderately wounded.
You hit the gnoll sergeant.
The gnoll sergeant is heavily wounded.
The gnoll sergeant barely misses you. The gnoll barely misses you.
The gnoll hits you from afar with a +0 halberd.
You hit the gnoll sergeant but do no damage.
The gnoll sergeant is heavily wounded.
You block the gnoll sergeant's attack. The gnoll hits you with a +0 club.
You block the gnoll's attack.
You hit the gnoll sergeant.
The gnoll sergeant is heavily wounded.
The gnoll sergeant hits you with a +0 trident.
The gnoll hits you with a +0 club. The gnoll barely misses you.
You sock the gnoll sergeant!
The gnoll sergeant is almost dead.
The gnoll sergeant hits you but does no damage.
The gnoll barely misses you. You block the gnoll's attack.
You hit the gnoll sergeant.
You kill the gnoll sergeant!
Okawaru accepts your kill.
The gnoll hits you from afar with a +0 halberd!
You block the gnoll's attack.
You are too injured to fight recklessly!
You are too injured to fight recklessly!
You are too injured to fight recklessly!
You are too injured to fight recklessly!
You are too injured to fight recklessly!
You are too injured to fight recklessly!
You are too injured to fight recklessly!
You are too injured to fight recklessly!
You are too injured to fight recklessly!
You are too injured to fight recklessly!
You are too injured to fight recklessly!
You are too injured to fight recklessly!
You are too injured to fight recklessly!
You are too injured to fight recklessly!
You are too injured to fight recklessly!
You are too injured to fight recklessly!
You are too injured to fight recklessly!
You are too injured to fight recklessly!
You are too injured to fight recklessly!
You thump the gnoll! Your headbutt misses the gnoll.
The gnoll is almost dead.
You block the gnoll's attack. The gnoll hits you with a +0 halberd!
The gnoll hits you with a +0 club.
The gnoll hits you from afar with a +0 spear.
* * * LOW HITPOINT WARNING * * *
You bludgeon the gnoll!!
You kill the gnoll!
Okawaru accepts your kill. You block the gnoll's attack. x2
You barely miss the gnoll. You block the gnoll's attack.
The gnoll completely misses you.
You sock the gnoll!
You kill the gnoll!
Okawaru accepts your kill. The gnoll hits you with a +0 spear.
* * * LOW HITPOINT WARNING * * *
You see here a +0 halberd.
You sock the gnoll!
The gnoll is almost dead.
The gnoll hits you with a +0 spear.
* * * LOW HITPOINT WARNING * * *
You sock the gnoll!
You kill the gnoll!
Okawaru accepts your kill.
You see here a +0 spear.
You see here a +0 halberd.
Things that are here:
a +0 robe; a +0 dagger; an orc skeleton
Found a mace.
Done exploring.
Done exploring.
Done exploring.
There is a stone staircase leading down here.
You climb downwards.
Patrick2011b's ghost turns its malevolent gaze towards you.
Found three items.
There is a stone staircase leading up here.
You climb upwards.
There is a stone staircase leading down here.
There is a stone staircase leading down here.
You climb downwards.
Level annotation: Patrick2011b's ghost, journeyman CoGl
There is a stone staircase leading up here.
Found a trident.
You now have 437 gold pieces (gained 11).
You see here a +0 trident.
You now have 444 gold pieces (gained 7).
Found a runed translucent door.
A gnoll comes into view. It is wielding a +0 whip.
The gnoll shouts!
A gnoll sergeant comes into view.
It is wielding a +0 trident and wearing a +0 scale mail of willpower.
The gnoll sergeant shouts!
You hear a shout! x2
You sock the gnoll!
You kill the gnoll!
Okawaru accepts your kill. You block the gnoll sergeant's attack.
You see here a +0 whip. 2 gnolls come into view.
The gnoll shouts!
You hear a shout!
The gnoll sergeant hits you with a +0 trident.
An orc wizard comes into view. It is wielding a +0 dagger.
You thump the gnoll sergeant! You headbutt the gnoll sergeant.
The gnoll sergeant is heavily wounded.
A gnoll comes into view. It is wielding a +0 club.
You block the gnoll sergeant's attack.
The gnoll shouts!
You sock the gnoll sergeant!
The gnoll sergeant is severely wounded.
The gnoll sergeant barely misses you.
You hit the gnoll sergeant.
Your headbutt misses the gnoll sergeant.
The gnoll sergeant is almost dead.
The gnoll sergeant hits you with a +0 trident!
The orc wizard gestures wildly while chanting.
The orc wizard flickers and vanishes!
Deactivating autopickup; reactivate with Ctrl-A.
You barely miss the gnoll sergeant.
The gnoll sergeant is almost dead.
The gnoll hits you but does no damage. You block the gnoll sergeant's attack.
You closely miss the gnoll sergeant.
The gnoll sergeant is almost dead.
You block the gnoll's attack. You block the gnoll sergeant's attack.
You sock the gnoll sergeant!
You kill the gnoll sergeant!
Okawaru accepts your kill.
The gnoll hits you from afar with a +0 spear.
An orc comes into view. It is wielding a +0 dagger.
You barely miss the gnoll.
The orc shouts!
Your headbutt misses the gnoll. You barely miss the gnoll.
The gnoll hits you but does no damage. You block the gnoll's attack.
You sock the gnoll!
The gnoll is severely wounded.
The gnoll hits you but does no damage. You block the gnoll's attack.
An orc comes into view. It is wielding a +0 hand axe.
You hit the gnoll.
You kill the gnoll!
Okawaru accepts your kill. The gnoll hits you but does no damage.
You closely miss the gnoll. You headbutt the gnoll.
The gnoll is severely wounded.
You block the gnoll's attack.
The gnoll hits you from afar with a +0 spear.
You sock the gnoll!
You kill the gnoll!
Okawaru accepts your kill. You block the gnoll's attack.
An orc priest comes into view. It is wielding a +0 short sword.
You hear some strange, mumbled words.
A puff of flame appears from out of thin air!
The puff of flame hits you.
You swing at nothing.
The orc priest shouts!
You block the gnoll's attack.
You closely miss something. Your headbutt misses something.
The gnoll hits you from afar with a +0 spear!
An orc comes into view. It is wielding a +0 club.
Something hits you.
You miss something. You hit something but do no damage.
Your headbutt misses something. You block the gnoll's attack.
You hear some strange, mumbled words.
Something tries to affect you, but you resist.
You thump something! Okawaru accepts your kill.
Reactivating autopickup.
You feel a bit more experienced.
The gnoll hits you from afar with a +0 spear.
You barely miss the orc. You block the gnoll's attack.
The orc priest calls down the wrath of Beogh upon you.
Beogh smites you! The orc closely misses you.
You see here a +0 whip.
The orc attacks as it pursues you! You block the orc's attack.
The orc priest invokes the aid of Beogh against you.
Beogh smites you!
* * * LOW HITPOINT WARNING * * *
The orc attacks as it pursues you! You block the orc's attack.
The orc attacks as it pursues you! You block the orc's attack.
The orc attacks as it pursues you! The orc hits you but does no damage.
Snorg the Insatiable comes into view.
Found 8 gold pieces.
Snorg shouts!
The orc attacks as it pursues you! The orc hits you with a +0 dagger.
* * * LOW HITPOINT WARNING * * *
The orc attacks as it pursues you! The orc barely misses you.
The orc attacks as it pursues you! The orc hits you but does no damage.
The orc attacks as it pursues you! You block the orc's attack.
The orc attacks as it pursues you! You block the orc's attack.
The orc throws a stone.
You block the stone. The orc attacks as it pursues you!
The orc hits you but does no damage. The orc attacks as it pursues you!
The orc hits you but does no damage. The orc attacks as it pursues you!
The orc hits you but does no damage. The orc attacks as it pursues you!
The orc barely misses you. The orc attacks as it pursues you!
You block the orc's attack. The orc attacks as it pursues you!
You block the orc's attack. The orc attacks as it pursues you!
The orc hits you with a +0 dagger. The orc attacks as it pursues you!
You block the orc's attack.
There is a stone staircase leading up here.
You swing at nothing.
You hit the orc.
The orc is almost dead.
The orc hits you with a +0 dagger.
You barely miss the orc. Your headbutt misses the orc.
The orc is almost dead.
The orc hits you but does no damage.
You sock the orc!
You kill the orc!
Okawaru accepts your kill.
The gnoll hits you from afar with a +0 spear.
* * * LOW HITPOINT WARNING * * *
You swing at nothing.
The orc throws a stone.
The stone hits you but does no damage.
The gnoll hits you from afar with a +0 spear.
* * * LOW HITPOINT WARNING * * *
You swing at nothing.
The orc throws a stone.
You block the stone. You block the gnoll's attack.
You swing at nothing.
The gnoll hits you but does no damage. You block the orc's attack.
The gnoll closely misses you.
You climb upwards.
There is a stone staircase leading down here.
You hit the orc. You headbutt the orc.
You kill the orc!
Okawaru accepts your kill.
Things that are here:
a +0 hand axe; 7 stones; an orc corpse You start resting.
HP restored.
There is a stone staircase leading down here.
You climb downwards.
Level annotation: 1 runed translucent door, Patrick2011b's ghost, journeyman CoGl; Snorg The gnoll hits you from afar with a +0 spear!
There is a stone staircase leading up here.
The gnoll barely misses you.
Snorg remarks, "Ah, I could eat a centaur!"
You climb upwards.
There is a stone staircase leading down here.
Things that are here:
a +0 robe; a +4 falchion You see here a +0 plate armour.
HP restored.
There is an escape hatch in the floor here.
There is a stone staircase leading down here.
You climb downwards.
Level annotation: 1 runed translucent door, Patrick2011b's ghost, journeyman CoGl; Snorg
Found a scroll labelled OSACOL OHOIG.
Found an escape hatch in the floor.
There is a stone staircase leading up here.
A howler monkey comes into view.
The howler monkey howls!
The howler monkey hoots and howls with incredible vigour!
Found a stone staircase leading down.
The howler monkey hits you. You block the howler monkey's attack.
You hit the howler monkey.
The howler monkey is lightly wounded.
You completely miss the howler monkey.
The howler monkey is lightly wounded.
The howler monkey hoots and howls with incredible vigour!
You hear an angry buzzing noise. x3; You hear a bellow!
You hear an angry buzzing noise. x2
You bludgeon the howler monkey!!
You kill the howler monkey!
Okawaru accepts your kill.
No target in view!
A killer bee comes into view.
A killer bee is nearby!
A killer bee is nearby!
The killer bee attacks as it pursues you!
You block the killer bee's attack. x2
You sock the killer bee!
The killer bee is severely wounded.
You block the killer bee's attack.
You thump the killer bee!
You kill the killer bee!
Okawaru accepts your kill.
Your Invocations skill increases to level 1!
No target in view!
No target in view!
You start resting.
HP restored.
You see here a killer bee corpse.
H - a scroll labelled OSACOL OHOIG
Found a stone staircase leading down. 3 killer bees come into view.
The killer bee buzzes angrily. x3; You hear an angry buzzing noise.
A killer bee comes into view.
The killer bee stings you. You block the killer bee's attack.
The killer bee stings you.
You are poisoned.
The killer bee poisons you!
You feel sick.
The killer bee attacks as it pursues you!
You block the killer bee's attack.
You feel sick. The killer bee stings you.
The killer bee attacks as it pursues you!
The killer bee stings you. You block the killer bee's attack.
You feel sick. The killer bee closely misses you.
A killer bee comes into view.
The killer bee stings you.
You feel sick.
The killer bee buzzes angrily.
The killer bee barely misses you. You block the killer bee's attack. x2
You feel sick.
You are no longer poisoned.
You block the killer bee's attack. You block the killer bee's attack.
You hit the killer bee. Your headbutt misses the killer bee.
The killer bee is moderately wounded.
You block the killer bee's attack. The killer bee stings you.
You are poisoned.
The killer bee poisons you!
You closely miss the killer bee. Your headbutt misses the killer bee.
The killer bee is moderately wounded.
You feel sick. You block the killer bee's attack. x2
You hit the killer bee but do no damage.
The killer bee is moderately wounded.
You feel sick.
The killer bee stings you but does no damage.
You sock the killer bee!
You kill the killer bee!
Okawaru accepts your kill.
You feel sick. You block the killer bee's attack.
You barely miss the killer bee. Your headbutt misses the killer bee.
You feel sick. You block the killer bee's attack.
The killer bee stings you but does no damage.
You closely miss the killer bee.
You feel sick. You block the killer bee's attack.
You hit the killer bee.
The killer bee is lightly wounded.
You feel sick. The killer bee misses you. You block the killer bee's attack.
You sock the killer bee!
You kill the killer bee!
Okawaru accepts your kill. The killer bee stings you.
You hit the killer bee but do no damage.
You headbutt the killer bee, but do no damage.
You feel sick. The killer bee stings you.
You are more poisoned.
The killer bee poisons you! The killer bee stings you!
You are more poisoned.
The killer bee poisons you!
You closely miss the killer bee.
You feel very sick. The killer bee barely misses you.
The killer bee stings you but does no damage.
You miss the killer bee. Your headbutt misses the killer bee.
You feel sick. You block the killer bee's attack.
The killer bee stings you but does no damage.
A vampire comes into view.
You sock the killer bee!
The killer bee is severely wounded.
You feel sick. You block the killer bee's attack.
You closely miss the killer bee. Your headbutt misses the killer bee.
The killer bee is severely wounded.
You feel sick.
The killer bee stings you but does no damage.
You block the killer bee's attack.
You barely miss the killer bee.
The killer bee is severely wounded.
You feel sick. The killer bee closely misses you.
The killer bee barely misses you.
You miss the killer bee. Your headbutt misses the killer bee.
The killer bee is severely wounded.
You feel sick. You block the killer bee's attack. The killer bee stings you.
* * * LOW HITPOINT WARNING * * *
As you read the scroll labelled KEIHONOUXO, it crumbles to dust.
It is a scroll of enchant weapon.
Your +3 flail glows red for a moment.
You feel sick. The killer bee closely misses you. The killer bee stings you.
* * * LOW HITPOINT WARNING * * *
The air fills with toxic fumes!
As you read the scroll labelled ETZUNWIDDI, it crumbles to dust.
It was a scroll of poison.
You feel sick. The killer bee stings you!
* * * LOW HITPOINT WARNING * * *
The killer bee stings you.
* * * LOW HITPOINT WARNING * * *
You are more poisoned.
The killer bee poisons you!
As you read the scroll labelled ZANUAV SIOZ, it crumbles to dust.
It is a scroll of enchant armour.
Your +0 steam dragon scales glow green for a moment.
You feel very sick. You block the killer bee's attack.
The killer bee barely misses you.
Okay, then.
You take a swig of the potion and twirl your +4 flail.
You thump the killer bee!
You kill the killer bee!
Okawaru accepts your kill.
You sock the vampire! Your headbutt misses the vampire.
The vampire is moderately damaged.
You savour every drop.
You feel better.
The killer bee stings you but does no damage.
The vampire misses you. The vampire bites you!
* * * LOW HITPOINT WARNING * * *
The vampire draws strength from your injuries!
As you read the scroll labelled XAMICS BOJAL, it crumbles to dust.
It is a scroll of brand weapon.
Your +4 flail acquires a faint afterimage.
C - a +4 spectral flail (weapon)
You block the killer bee's attack. The killer bee stings you.
* * * LOW HITPOINT WARNING * * *
The vampire hits you but does no damage.
The vampire bites you.
* * * LOW HITPOINT WARNING * * *
The vampire draws strength from your injuries!
Unknown command.
As you read the scroll labelled VIUNWE JAWENEZ, it dissolves into smoke.
It was a scroll of fog.
The killer bee closely misses you. The killer bee stings you.
* * * LOW HITPOINT WARNING * * *
You are poisoned.
The killer bee poisons you!
The vampire casts a spell.
The vampire flickers and vanishes!
Deactivating autopickup; reactivate with Ctrl-A.
Okay, then.
You take a swig of the potion and twirl your +4 spectral flail.
You completely miss something. Your headbutt misses something.
You barely miss the killer bee. Your headbutt misses the killer bee.
You savour every drop.
You feel better.
The killer bee stings you but does no damage.
You block the killer bee's attack. Something hits you!
* * * LOW HITPOINT WARNING * * *
Something bites you!
* * * LOW HITPOINT WARNING * * *
Something draws strength from your injuries!
Okay, then.
It was a potion of enlightenment.
You feel very buoyant.
You fly up into the air.
The killer bee barely misses you.
The killer bee stings you but does no damage.
Something hits you but does no damage. Something bites you.
* * * LOW HITPOINT WARNING * * *
Something draws strength from your injuries!
It was a potion of degeneration.
There was something very wrong with that liquid.
You feel weakened.
You feel dopey.
You feel clumsy.
The killer bee stings you but does no damage.
The killer bee closely misses you. Something hits you.
* * * LOW HITPOINT WARNING * * *
Something bites you but does no damage.
It was a potion of mutation.
You feel extremely strange.
You feel clumsy.
Large bone plates grow over parts of your arms.
Your body twists and deforms.
Iridescent scales grow over part of your body.
You block the killer bee's attack. The killer bee stings you.
* * * LOW HITPOINT WARNING * * *
You are poisoned.
The killer bee poisons you! Something hits you but does no damage.
Something bites you but does no damage.
You take a swig of the potion and twirl your +4 spectral flail.
You sock the killer bee!
The killer bee is severely wounded.
You barely miss something.
You savour every drop.
You feel much better.
You feel sick. You block the killer bee's attack. The killer bee stings you.
Something hits you but does no damage. Something bites you but does no damage.
It was a potion of brilliance.
You feel clever all of a sudden.
You feel sick. You block the killer bee's attack. The killer bee stings you.
Something hits you! Something bites you.
Something draws strength from your injuries!
You barely miss the killer bee.
You headbutt the killer bee, but do no damage.
The killer bee is severely wounded.
You feel sick. The killer bee stings you. You block the killer bee's attack.
Something hits you.
* * * LOW HITPOINT WARNING * * *
Something bites you.
* * * LOW HITPOINT WARNING * * *
Something draws strength from your injuries!
You completely miss the killer bee.
The killer bee is severely wounded.
You feel sick. You block the killer bee's attack. x2
Something hits you but does no damage. Something bites you!
* * * LOW HITPOINT WARNING * * *
Something draws strength from your injuries!
You miss the killer bee.
The killer bee is severely wounded.
You feel sick.
The killer bee stings you but does no damage.
Something hits you.
* * * LOW HITPOINT WARNING * * *
Something bites you!
* * * LOW HITPOINT WARNING * * *
Something draws strength from your injuries!
The killer bee barely misses you.
Okay, then.
It was a potion of berserk rage.
A red film seems to cover your vision as you go berserk!
You feel yourself moving faster!
You feel mighty!
You feel sick.
You are no longer poisoned.
You block the killer bee's attack. Something hits you!
* * * LOW HITPOINT WARNING * * *
Something bites you!
* * * LOW HITPOINT WARNING * * *
Something draws strength from your injuries!
You block the killer bee's attack.
You sock the killer bee!
You kill the killer bee!
Okawaru accepts your kill.
Your Armour skill increases to level 1!
Your Dodging skill increases to level 3!
You barely miss the killer bee.
The killer bee stings you but does no damage.
Something hits you.
* * * LOW HITPOINT WARNING * * *
You block something's attack. The killer bee stings you.
* * * LOW HITPOINT WARNING * * *
You are poisoned.
The killer bee poisons you!
You thump the killer bee!
The killer bee is heavily wounded.
* * * LOW HITPOINT WARNING * * *
You feel sick. The killer bee barely misses you.
You sock the killer bee!
You kill the killer bee!
Okawaru accepts your kill.
You feel sick. Something hits you!
You die...

..° ###.# ...
°°#○# #.
○°##.#.##
#.........° #...
○...° #######..y
... #......y. #{#
#........ #@#
#.......#####§###
.............§§.#
....$.>....°°§§.#
.#######..>°°...#
#.°......## #
#..°....... #.#
#°○°○....###
#......
##..>##### #


There were no monsters in sight!

Vanquished Creatures
  A two-headed ogre (D:9)
  A manticore (D:9)
  2 trolls
  A hornet (D:8)
  A shadow (D:9)
  3 yaks
  A steam dragon (D:8)
  Menkaure (D:6)
  A water moccasin (D:8)
  2 ice beasts
  2 black bears
  An orc warrior (D:9)
  3 ogres
  A centaur (D:9)
  2 phantoms
  A kobold brigand (D:7)
  2 gnoll sergeants
  5 bullfrogs
  5 scorpions
  7 wights
  Dowan (D:6)
  6 killer bees (D:10)
  A bombardier beetle (D:4)
  4 howler monkeys
  A jelly (D:4)
  A gnoll bouda (D:7)
  A hound (D:4)
  3 iguanas
  2 sleepcaps
  4 orc wizards
  11 gnolls
  11 adders
  A shadow imp (D:4)
  2 white imps (D:7)
  13 orcs
  7 ball pythons
  9 endoplasms
  5 giant cockroaches
  7 goblins
  4 hobgoblins
  5 quokkas
  2 bats (D:1)
  A frilled lizard (D:3)
  7 kobolds
  3 rats (D:1)
155 creatures vanquished.

Notes
Turn   | Place    | Note
-------+----------+-------------------------------------------
     0 | D:1      | sleeves the Oni Fighter began the quest for the Orb.
     0 | D:1      | Reached XP level 1. HP: 24/24 MP: 1/1
    38 | D:1      | Found a faded altar of an unknown god.
   139 | D:1      | Reached XP level 2. HP: 32/32 MP: 2/2
   223 | D:1      | Reached skill level 3 in Maces & Flails
   592 | D:1      | Reached XP level 3. HP: 36/39 MP: 3/3
   922 | D:2      | Reached skill level 4 in Maces & Flails
   944 | D:2      | Found a runed translucent door.
   945 | D:2      | Noticed Crazy Yiuf
  1333 | D:2      | Reached XP level 4. HP: 45/48 MP: 4/4
  1634 | D:3      | Found Yfisit's Magic Scroll Boutique.
  1643 | D:3      | Bought a scroll of identify for 24 gold pieces
  1643 | D:3      | Bought a scroll of teleportation for 36 gold pieces
  1643 | D:3      | Identified a scroll of acquirement
  1845 | D:3      | Noticed a water moccasin
  2167 | D:4      | Reached skill level 5 in Maces & Flails
  2179 | D:4      | Reached XP level 5. HP: 29/54 MP: 5/5
  2393 | D:4      | Noticed a phantom
  2433 | D:3      | Killed a phantom
  2434 | D:3      | Reached skill level 6 in Maces & Flails
  2434 | D:3      | Reached XP level 6. HP: 43/62 MP: 6/6
  2675 | D:4      | Noticed a black bear
  2689 | D:4      | HP: 30/62 [black bear (3)]
  2694 | D:4      | HP: 16/62 [black bear (1)]
  2941 | D:4      | Reached skill level 7 in Maces & Flails
  3041 | D:4      | Killed a black bear
  3042 | D:4      | Reached XP level 7. HP: 49/70 MP: 7/7
  3338 | D:4      | Reached skill level 8 in Maces & Flails
  3650 | D:5      | Entered Level 5 of the Dungeon
  3652 | D:5      | Noticed Prince Ribbit
  3657 | D:4      | HP: 30/70 [Prince Ribbit (15)]
  3658 | D:4      | HP: 12/70 [Prince Ribbit (16)]
  3663 | D:4      | HP: 6/70 [Prince Ribbit (16)]
  4083 | D:5      | Reached skill level 3 in Shields
  4239 | D:5      | HP: 28/70 [iguana (13)]
  4894 | D:6      | Reached XP level 8. HP: 41/78 MP: 8/8
  4896 | D:6      | HP: 39/78 [orc/+0 hand axe (3)]
  5103 | D:6      | Found a staircase to the Ecumenical Temple.
  5109 | Temple   | Entered the Ecumenical Temple
  5217 | D:6      | Found a sparkling altar of Nemelex Xobeh.
  5311 | D:5      | Reached skill level 4 in Shields
  5461 | D:6      | Noticed Dowan
  5483 | D:6      | Found a shadowy altar of Dithmenos.
  5483 | D:6      | Noticed a yak
  5483 | D:6      | Noticed a yak
  5685 | D:6      | Noticed Menkaure
  5804 | D:6      | Killed Menkaure
  5805 | D:6      | Reached skill level 9 in Maces & Flails
  5891 | D:6      | Noticed a yak
  5990 | D:6      | HP: 39/78 [yak (5)]
  5995 | D:6      | Killed a yak
  5996 | D:6      | Reached skill level 5 in Shields
  6244 | D:6      | Noticed Duvessa
  6561 | D:5      | Killed a yak
  6562 | D:5      | Reached XP level 9. HP: 54/84 MP: 9/9
  6729 | D:6      | Reached skill level 10 in Maces & Flails
  6729 | D:6      | Reached skill level 6 in Shields
  7508 | D:7      | Noticed a troll
  7565 | D:7      | HP: 39/84 [troll (6)]
  7567 | D:7      | HP: 12/84 [troll (15)]
  7568 | D:7      | HP: 5/84 [troll (7)]
  7570 | D:7      | Killed a troll
  8111 | D:7      | HP: 31/82 [ogre/+0 giant club (28)]
  8629 | D:7      | HP: 41/84 [wight/+3 spear (8)]
  9007 | D:7      | Reached skill level 7 in Shields
  9419 | D:6      | Killed Dowan
  9564 | D:8      | Noticed a hornet
  9607 | D:7      | HP: 37/84 [gnoll bouda/+0 club (8)]
  9613 | D:7      | HP: 33/84 [gnoll bouda/+0 club (5)]
  9812 | D:8      | Noticed Maggie
  9813 | D:8      | Maggie changed into Maggie the ogre
  9813 | D:8      | Noticed Maggie
  9821 | D:8      | Killed Maggie the ogre
  9826 | D:8      | Killed a hornet
  9827 | D:8      | Reached skill level 11 in Maces & Flails
  9827 | D:8      | HP: 42/84 [poisoned by a hornet]
 10032 | D:8      | HP: 42/84 [poisoned by a water moccasin]
 10260 | D:8      | Reached XP level 10. HP: 79/92 MP: 10/10
 10370 | D:8      | Reached skill level 8 in Shields
 10930 | D:9      | Noticed a two-headed ogre
 10950 | D:9      | HP: 39/92 [two-headed ogre/+0 giant club (16)]
 10955 | D:9      | HP: 25/92 [two-headed ogre/+0 giant club (13)]
 10955 | D:9      | HP: 8/92 [two-headed ogre/+0 giant club (17)]
 10960 | D:9      | HP: 15/92 [two-headed ogre/+0 giant club (11)]
 10961 | D:9      | Killed a two-headed ogre
 11254 | D:9      | HP: 36/88 [wight/+1 scimitar (11)]
 11910 | D:8      | HP: 44/89 [troll (4)]
 11913 | D:8      | Reached skill level 12 in Maces & Flails
 12126 | D:9      | Reached skill level 9 in Shields
 12215 | D:9      | Noticed a manticore
 12220 | D:9      | HP: 37/92 [manticore (12)]
 12227 | D:9      | Killed a manticore
 12464 | D:9      | Found an ancient bone altar of Kikubaaqudgha.
 12465 | D:9      | Found a shimmering blue altar of Sif Muna.
 12465 | D:9      | Found a glowing golden altar of the Shining One.
 12466 | D:9      | Found an iron altar of Okawaru.
 12474 | D:9      | Became a worshipper of Warmaster Okawaru
 12654 | D:9      | Found a staircase to the Lair.
 12703 | D:9      | HP: 46/92 [gnoll/+0 spear[a gnoll sergeant] (2)]
 12708 | D:9      | HP: 39/92 [gnoll/+0 spear[a gnoll sergeant] (2)]
 12936 | D:10     | Entered Level 10 of the Dungeon
 12936 | D:10     | Noticed Patrick2011b's ghost (journeyman CoGl)
 13065 | D:10     | Found a runed translucent door.
 13100 | D:10     | HP: 39/93 [orc priest/divine providence (11)]
 13106 | D:10     | Noticed Snorg
 13107 | D:10     | HP: 38/93 [orc/+0 dagger (4)]
 13148 | D:10     | HP: 46/93 [gnoll/+0 spear[a gnoll sergeant] (2)]
 13355 | D:10     | Reached skill level 1 in Invocations
 13387 | D:10     | HP: 46/93 [poisoned by a killer bee]
 13392 | D:10     | HP: 26/93 [poisoned by a killer bee]
 13397 | D:10     | HP: 32/94 [something (2)]
 13399 | D:10     | Gained mutation: You are clumsy. (Dex -2) [potion of
                  | mutation]
 13399 | D:10     | Gained mutation: You are partially covered in large bone
                  | plates. (SH +4) [potion of mutation]
 13399 | D:10     | Gained mutation: Armour fits poorly on your strangely
                  | shaped body. [potion of mutation]
 13399 | D:10     | Gained mutation: You are partially covered in iridescent
                  | scales. (AC +2) [potion of mutation]
 13402 | D:10     | HP: 47/94 [something (5)]
 13404 | D:10     | HP: 20/94 [something (8)]
 13407 | D:10     | Reached skill level 1 in Armour
 13407 | D:10     | Reached skill level 3 in Dodging
 13407 | D:10     | HP: 9/141 [something (2)]
 13409 | D:10     | Slain by a vampire

Illustrated notes

Levels and vault maps discovered:
D:1:      lightli_arrival_quake, layout_basic, basic_ecumenical_altar
D:2:      layout_loops_ring, serial_forest, infiniplex_forest_straight_5,
          infiniplex_forest_end_3, infiniplex_forest_straight_3,
          infiniplex_forest_clump_small, infiniplex_forest_straight_1,
          infiniplex_forest_clump_diagonal, infiniplex_forest_straight_5,
          infiniplex_forest_fountain, st_stairs_2, uniq_crazy_yiuf_cottage
D:3:      layout_loops_ring, serial_shops, nicolae_shop_advertising_works
          [nicolae_subvault_shop_adworks], grunt_decor_one_mirror
D:4:      layout_loops_ring
D:5:      layout_loops_ring, uniq_prince_ribbit1
D:6:      layout_cave_pools, nicolae_dithmenos_through_a_glass_darkly,
          amcnicky_altar_gilded, minmay_temple_entry_fiery,
          grunt_decor_arrowhead, uniq_duvessa, uniq_menkaure
D:7:      layout_gridville
D:8:      layout_cave_pods, uniq_maggie
D:9:      layout_loops_ring, chequers_temple_overflow_statue_of_worship,
          lair_entry_dummy
D:10:     layout_basic, hellmonk_ghost_happy_afterlife, uniq_snorg
Temple:   nicolae_temple_bog_church

Skill      XL: |  1  2  3  4  5  6  7  8  9 10 |
---------------+-------------------------------+-----
Maces & Flails | 3 4 5 6 7 8 9 11 12 | 12.0
Shields        | 3 5 7 9 |  9.6
Invocations    | 1 |  1.2
Armour         | 1 |  1.0
Dodging        | 3 |  3.0
Fighting       | |  4.4

Action                     |  1- 3 |  4- 6 |  7- 9 | 10-12 || total
---------------------------+-------+-------+-------+-------++-------
  Melee: Short sword       |    91 |   124 |   242 |       ||   457
         Flail             |     4 |       |    44 |   153 ||   201
         Headbutt          |    16 |    16 |    70 |    29 ||   131
         Hand axe          |       |       |    44 |       ||    44
  Throw: Dart              |       |     2 |    18 |       ||    20
  Evoke: Wand              |       |       |    17 |     2 ||    19
    Use: Scroll            |       |     2 |     3 |     6 ||    11
         Potion            |       |       |     3 |    10 ||    13
 Armour: Robe              |    46 |    92 |   208 |       ||   346
         Steam dragon scal |       |       |    17 |   162 ||   179
  Dodge: Dodged            |    32 |    60 |   107 |    60 ||   259
  Block: Kite shield       |    28 |    39 |   119 |   111 ||   297

Table legend: (Time is in decaauts)
 A = Elapsed time spent in this place.
 B = Non-inter-level travel time spent in this place.
 C = Inter-level travel time spent in this place.
 D = Time resting spent in this place.
 E = Time spent auto-exploring this place.
 F = Levels seen in this place.
 G = Mean time per level.
                   A        B        C        D        E       F      G
               +--------+--------+--------+--------+--------+-----+--------+
         Total |  13469 |  12235 |   1234 |   3947 |   6398 |  11 | 1224.5 |
       Dungeon |  13402 |  12211 |   1191 |   3947 |   6376 |  10 | 1340.2 |
        Temple |     67 |     24 |     43 |      0 |     22 |   1 |   67.0 |
               +--------+--------+--------+--------+--------+-----+--------+

Top non-repeatable levels by time:
     D:5: 2308 daAuts
     D:7: 1943 daAuts
     D:9: 1924 daAuts
     D:4: 1713 daAuts
     D:6: 1590 daAuts
     D:8: 1456 daAuts
     D:2: 856 daAuts
     D:1: 688 daAuts
     D:3: 671 daAuts
    D:10: 248 daAuts
  Temple: 67 daAuts
